[Event "European Online Club-ch-D 2021"]
[Site "Online"]
[Date "2021.03.27"]
[Round "4.18"]
[White "Dolana, Andrei-Theodor"]
[Black "Lagarde, Maxime"]
[Result "0-1"]
[ECO "A34"]
[WhiteElo "2359"]
[BlackElo "2640"]
[Annotator "ChessBase"]
[PlyCount "68"]
[EventDate "2021.03.27"]
[EventType "team-tourn"]
[EventCountry "NET"]
[SourceTitle "playchess.com"]
[Source "ChessBase"]
[SourceQuality "1"]
[TimeControl "900+5"]

1. Nf3 c5 2. c4 Nc6 3. e3 e5 4. Nc3 Nf6 5. d4 e4 6. d5 exf3 7. dxc6 bxc6 8. Qxf3 Bd6 9. Bd3 O-O 10. O-O Be5 11. h3 Re8 12. Rd1 Rb8 13. Rb1 h6 14. Na4 Qe7 15. b3 d6 16. Bb2 g5 17. Bf5 Kg7 18. Bc3 Bxc3 19. Nxc3 Qe5 20. Bxc8 Rbxc8 21. Rd3 Re6 22. Rbd1 h5 23. Ne2 Ne4 24. Qxh5 Rh8 25. Qg4 Rh4 26. f4 Qb2 27. Qf3 g4 28. hxg4 Reh6 29. Kf1 Rh1+ 30. Ng1 Re6 31. g5 Qxa2 32. f5 Re5 33. f6+ Kg6 34. Qg4 Qf2# 0-1

[Event "European Online Club-ch-D 2021"]
[Site "Online"]
[Date "2021.03.27"]
[Round "4.19"]
[White "Maurizzi, Marc Andria"]
[Black "Toma, Radu-Cristian"]
[Result "0-1"]
[ECO "B31"]
[WhiteElo "2461"]
[BlackElo "2385"]
[Annotator "ChessBase"]
[PlyCount "122"]
[EventDate "2021.03.27"]
[EventType "team-tourn"]
[EventCountry "NET"]
[SourceTitle "playchess.com"]
[Source "ChessBase"]
[SourceQuality "1"]
[TimeControl "900+5"]

1. e4 c5 2. Nf3 Nc6 3. Nc3 g6 4. Bb5 Bg7 5. O-O Qb6 6. Nd5 Qd8 7. Nc3 Qa5 8. Bc4 d6 9. d3 Nf6 10. h3 O-O 11. Bg5 Rb8 12. a4 Re8 13. Re1 Nd7 14. Bd2 Qd8 15. Ba2 a6 16. Qc1 e6 17. Bh6 Bh8 18. Ne2 b5 19. axb5 axb5 20. Ng3 c4 21. Bf4 Nc5 22. Rd1 cxd3 23. cxd3 Nb4 24. d4 Ncd3 25. Qd2 Nxf4 26. Qxf4 Nxa2 27. Rxa2 e5 28. dxe5 Be6 29. Raa1 dxe5 30. Qh6 Qf6 31. Ng5 Qg7 32. Qh4 Bb3 33. Rd7 h6 34. Nf3 Be6 35. Rc7 Qf8 36. Raa7 Ra8 37. Rab7 Reb8 38. Kh2 Bg7 39. Nf1 Rxb7 40. Rxb7 Qc8 41. Qe7 Bf8 42. Qc7 Qxc7 43. Rxc7 Ra2 44. Rc2 Bb3 45. Rd2 Bb4 46. Rd8+ Kg7 47. Rb8 Rxb2 48. Ne3 Ba4 49. Kg3 Bc5 50. Rb7 Re2 51. Ng4 h5 52. Ngxe5 Bxf2+ 53. Kh2 Rxe4 54. Nxf7 Re2 55. N7g5+ Kf8 56. h4 Bc5 57. Kh3 b4 58. Rc7 Bd6 59. Ra7 Bc6 60. Nh7+ Ke8 61. Nhg5 Bd7+ 0-1

[Event "European Online Club-ch-D 2021"]
[Site "Online"]
[Date "2021.03.27"]
[Round "4.20"]
[White "Gavrilescu, David"]
[Black "Medvegy, Zoltan"]
[Result "0-1"]
[ECO "C10"]
[WhiteElo "2476"]
[BlackElo "2527"]
[Annotator "ChessBase"]
[PlyCount "78"]
[EventDate "2021.03.27"]
[EventType "team-tourn"]
[EventCountry "NET"]
[SourceTitle "playchess.com"]
[Source "ChessBase"]
[SourceQuality "1"]
[TimeControl "900+5"]

1. e4 e6 2. d4 d5 3. Nd2 dxe4 4. Nxe4 Bd7 5. Nf3 Bc6 6. Bd3 Nd7 7. O-O Ngf6 8. Ng3 Be7 9. Re1 O-O 10. c4 Bxf3 11. Qxf3 c6 12. Bf4 Re8 13. Rad1 Bf8 14. h4 a5 15. Bc2 a4 16. Re2 Qa5 17. Bd2 Bb4 18. Bg5 h6 19. Bf4 e5 20. Bxh6 gxh6 21. Nh5 exd4 22. Rxe8+ Nxe8 23. Rxd4 Ne5 24. Qf4 Bf8 25. Ng3 Ng6 26. Bxg6 fxg6 27. Rd7 Qe1+ 28. Kh2 Qe6 29. Rxb7 Nf6 30. f3 Re8 31. Qc7 Re7 32. Qb8 Rxb7 33. Qxb7 Bd6 34. Qa8+ Kg7 35. Qa7+ Qe7 36. Qd4 Qe5 37. Qa7+ Bc7 38. Qf2 Nh5 39. f4 Qxf4 0-1

[Event "European Online Club-ch-D 2021"]
[Site "Online"]
[Date "2021.03.27"]
[Round "5.1"]
[White "Parligras, Mircea-Emilian"]
[Black "Eren, Ataberk"]
[Result "0-1"]
[ECO "D32"]
[WhiteElo "2591"]
[BlackElo "2306"]
[Annotator "ChessBase"]
[PlyCount "70"]
[EventDate "2021.03.27"]
[EventType "team-tourn"]
[EventCountry "NET"]
[SourceTitle "playchess.com"]
[Source "ChessBase"]
[SourceQuality "1"]
[TimeControl "900+5"]

1. d4 d5 2. c4 e6 3. Nf3 c5 4. cxd5 exd5 5. Nc3 Nc6 6. Bg5 Nf6 7. e3 cxd4 8. Nxd4 Bc5 9. Bxf6 Qxf6 10. Nxd5 Qe5 11. Nxc6 bxc6 12. Nc3 Rb8 13. Qc1 f5 14. Be2 O-O 15. O-O f4 16. Ne4 Bb6 17. Bf3 g5 18. exf4 Rxf4 19. Ng3 Ba6 20. Re1 Qd4 21. Re3 g4 22. Nh5 Rf7 23. Bxg4 Qxg4 24. Rh3 Rxf2 25. Nf6+ Rxf6+ 26. Kh1 Rbf8 27. Rg3 Qxg3 28. hxg3 Rf1+ 29. Kh2 Rxc1 30. Rxc1 Rf6 31. g4 Bc7+ 32. g3 Bd3 33. Rd1 Be4 34. Kg1 Bb6+ 35. Kh2 Rh6# 0-1

[Event "European Online Club-ch-D 2021"]
[Site "Online"]
[Date "2021.03.27"]
[Round "5.2"]
[White "Ozkan, Ervin"]
[Black "Dolana, Andrei-Theodor"]
[Result "1-0"]
[ECO "D02"]
[WhiteElo "2147"]
[BlackElo "2359"]
[Annotator "NA"]
[PlyCount "55"]
[EventDate "2021.03.27"]
[EventType "team-tourn"]
[EventCountry "NET"]
[SourceTitle "playchess.com"]
[Source "ChessBase"]
[SourceQuality "1"]
[TimeControl "900+5"]

1. d4 Nf6 2. Nf3 d5 3. Bf4 c5 4. e3 Nc6 5. c3 e6 6. Nbd2 Bd6 7. Bg3 O-O 8. Bb5 Ne4 9. Nxe4 dxe4 10. Nd2 Bxg3 11. hxg3 cxd4 12. cxd4 f5 13. Bxc6 bxc6 14. O-O Ba6 15. Re1 Qb6 16. Qc2 Bd3 17. Qc3 Rfb8 18. b3 a5 19. Rec1 a4 20. Nc4 Qb5 21. Ne5 axb3 22. axb3 Rxa1 23. Rxa1 h6 24. Ra3 Rb6 25. Nd7 Ra6 26. Rxa6 Qxa6 27. Qb4 Qc8 28. Qe7 1-0

[Event "European Online Club-ch-D 2021"]
[Site "Online"]
[Date "2021.03.27"]
[Round "5.3"]
[White "Toma, Radu-Cristian"]
[Black "Korkmaz, Necmettin"]
[Result "1/2-1/2"]
[ECO "A13"]
[WhiteElo "2385"]
[BlackElo "2101"]
[Annotator "NA"]
[PlyCount "142"]
[EventDate "2021.03.27"]
[EventType "team-tourn"]
[EventCountry "NET"]
[SourceTitle "playchess.com"]
[Source "ChessBase"]
[SourceQuality "1"]
[TimeControl "900+5"]

1. Nf3 d5 2. e3 Nf6 3. c4 e6 4. Nc3 Be7 5. b3 O-O 6. Be2 b6 7. O-O Bb7 8. Bb2 dxc4 9. bxc4 c5 10. Qb1 Nc6 11. Rd1 Qc7 12. Nb5 Qb8 13. Ng5 Ne5 14. f4 Ng6 15. Nf3 Rd8 16. a4 Be4 17. d3 Bc6 18. Qc1 Qb7 19. Rb1 Rd7 20. Rd2 Rad8 21. a5 a6 22. Na3 b5 23. cxb5 axb5 24. Nc4 Bxf3 25. Bxf3 Qa6 26. Ne5 Nxe5 27. Bxe5 Qxa5 28. Ra1 Qb6 29. Rda2 Rc8 30. Ra6 Qd8 31. Bc6 Rxd3 32. Bxb5 c4 33. Bxc4 Rxe3 34. Qxe3 Bc5 35. Qxc5 Rxc5 36. Ra8 Rc8 37. Rxc8 Qxc8 38. Be2 Ne4 39. Bd4 f6 40. Bf3 Qc6 41. Re1 f5 42. h3 Qd5 43. Be3 Qb3 44. Bxe4 fxe4 45. Bf2 Qd3 46. Re3 Qd1+ 47. Kh2 Qd5 48. Be1 Qd4 49. Bf2 Qd2 50. Kg3 Qd5 51. Kh2 g6 52. Ra3 e5 53. fxe5 Qxe5+ 54. Kg1 g5 55. Rg3 h6 56. h4 Qf4 57. hxg5 hxg5 58. Rc3 Qd2 59. Rc8+ Kf7 60. Rc7+ Ke6 61. Rc8 Kd7 62. Rc4 e3 63. Bg3 Qd1+ 64. Kh2 Qh5+ 65. Kg1 Qd1+ 66. Kh2 Qd3 67. Rc5 Qh7+ 68. Kg1 Qb1+ 69. Kh2 Qh7+ 70. Kg1 Qb1+ 71. Kh2 Qh7+ 1/2-1/2

[Event "European Online Club-ch-D 2021"]
[Site "Online"]
[Date "2021.03.27"]
[Round "5.4"]
[White "Kilic, Gokturk Kagan"]
[Black "Gavrilescu, David"]
[Result "0-1"]
[ECO "D31"]
[WhiteElo "2084"]
[BlackElo "2476"]
[Annotator "ChessBase"]
[PlyCount "42"]
[EventDate "2021.03.27"]
[EventType "team-tourn"]
[EventCountry "NET"]
[SourceTitle "playchess.com"]
[Source "ChessBase"]
[SourceQuality "1"]
[TimeControl "900+5"]

1. d4 d5 2. c4 e6 3. Nc3 a6 4. e3 Nf6 5. Nf3 Be7 6. cxd5 exd5 7. Bd3 O-O 8. O-O c5 9. dxc5 Bxc5 10. b3 Nc6 11. Bb2 Bg4 12. Rc1 Re8 13. Nxd5 Qxd5 14. Bxf6 Qh5 15. Bh4 Ba3 16. Rc4 Ne5 17. Rf4 Bxf3 18. gxf3 g5 19. Ra4 Rad8 20. Bg3 Rxd3 21. Qe2 Rd2 0-1

[Event "European Online Club-ch-D 2021"]
[Site "Online"]
[Date "2021.03.27"]
[Round "5.5"]
[White "Bauer, Christian"]
[Black "Ivanchuk, Vasyl"]
[Result "1/2-1/2"]
[ECO "C01"]
[WhiteElo "2639"]
[BlackElo "2678"]
[Annotator "ChessBase"]
[PlyCount "112"]
[EventDate "2021.03.27"]
[EventType "team-tourn"]
[EventCountry "NET"]
[SourceTitle "playchess.com"]
[Source "ChessBase"]
[SourceQuality "1"]
[TimeControl "900+5"]

1. e4 e6 2. d4 d5 3. Nc3 Bb4 4. exd5 exd5 5. Bd3 Nc6 6. a3 Ba5 7. Be3 Nf6 8. Nge2 O-O 9. O-O h6 10. h3 Re8 11. Ng3 Bxc3 12. bxc3 Na5 13. Qf3 Nc4 14. Bf4 c6 15. Rfe1 Rxe1+ 16. Rxe1 Be6 17. Bc1 Rc8 18. Bf5 Qe7 19. a4 Re8 20. Re2 Qd8 21. Bd3 Bd7 22. Rxe8+ Nxe8 23. Nh5 Qe7 24. Kh2 Qe1 25. Bf4 Nd2 26. Qg3 Ne4 27. Bxe4 Qxe4 28. Be5 Qg6 29. Qxg6 fxg6 30. Nf4 Bf5 31. Nd3 Nf6 32. a5 Ne4 33. Nc5 Nxc3 34. Nxb7 Bxc2 35. Nd8 Ba4 36. a6 Bb5 37. Bb8 Bxa6 38. Nxc6 Bb5 39. Nxa7 Bd7 40. f3 Ne2 41. Be5 g5 42. g3 h5 43. Kg2 h4 44. gxh4 gxh4 45. Kf2 Nc3 46. Bc7 Kf7 47. Bd8 Bxh3 48. Nc6 Bf5 49. Bxh4 Nb5 50. Ke3 Bh7 51. Ne5+ Ke6 52. Bg5 Bf5 53. Bh4 Nc3 54. Bg5 Nb5 55. Bh4 Nc3 56. Bg5 Nb5 1/2-1/2

[Event "European Online Club-ch-D 2021"]
[Site "Online"]
[Date "2021.03.27"]
[Round "5.6"]
[White "Lagarde, Maxime"]
[Black "Pelletier, Yannick"]
[Result "1-0"]
[ECO "B10"]
[WhiteElo "2640"]
[BlackElo "2581"]
[Annotator "ChessBase"]
[PlyCount "75"]
[EventDate "2021.03.27"]
[EventType "team-tourn"]
[EventCountry "NET"]
[SourceTitle "playchess.com"]
[Source "ChessBase"]
[SourceQuality "1"]
[TimeControl "900+5"]

1. e4 c6 2. d3 d5 3. Nd2 e5 4. Ngf3 Bd6 5. g3 Nf6 6. Bg2 O-O 7. O-O Re8 8. c3 a5 9. a4 Qc7 10. Qc2 Nbd7 11. b3 b6 12. Re1 Ba6 13. Nh4 Rad8 14. Nf5 Bf8 15. Nf3 Bxd3 16. Qxd3 dxe4 17. Qc2 exf3 18. Bxf3 h6 19. Bg2 Nc5 20. Bf1 Ne6 21. h4 e4 22. Bh3 Bc5 23. Kg2 Rd3 24. Bb2 Red8 25. Re2 h5 26. b4 axb4 27. cxb4 Bd4 28. Qxc6 Qe5 29. Nxd4 Nxd4 30. Qxb6 Qd5 31. Bxd4 Rxd4 32. Kh2 Qb3 33. a5 Rd2 34. Rae1 R8d4 35. Qb8+ Rd8 36. Qc7 Qxb4 37. a6 Ra8 38. Qb7 1-0

[Event "European Online Club-ch-D 2021"]
[Site "Online"]
[Date "2021.03.27"]
[Round "5.7"]
[White "Petkidis, Anthony"]
[Black "Maurizzi, Marc Andria"]
[Result "1-0"]
[ECO "B33"]
[WhiteElo "2401"]
[BlackElo "2461"]
[Annotator "ChessBase"]
[PlyCount "101"]
[EventDate "2021.03.27"]
[EventType "team-tourn"]
[EventCountry "NET"]
[SourceTitle "playchess.com"]
[Source "ChessBase"]
[SourceQuality "1"]
[TimeControl "900+5"]

1. e4 c5 2. Nf3 e6 3. d4 cxd4 4. Nxd4 Nf6 5. Nc3 Nc6 6. Ndb5 d6 7. Bf4 e5 8. Bg5 a6 9. Na3 Be6 10. Nc4 Rb8 11. Bxf6 Qxf6 12. Nb6 Qd8 13. Ncd5 g6 14. Bc4 Bg7 15. O-O O-O 16. a4 f5 17. Qd3 Kh8 18. f3 Bh6 19. c3 Qh4 20. g3 Qd8 21. a5 Nxa5 22. Ba2 Nc6 23. b4 Bg5 24. Kg2 h5 25. Rad1 f4 26. b5 axb5 27. Qxb5 Rf7 28. Bc4 Qe8 29. Nb4 fxg3 30. hxg3 Nxb4 31. Qxe8+ Rxe8 32. cxb4 Rc7 33. Bxe6 Rxe6 34. Nd5 Rf7 35. Rd3 Kg7 36. Rc3 Re8 37. b5 Ra8 38. Rf2 Ra5 39. Rb3 Bd8 40. Rc2 Rd7 41. Rc8 Kf7 42. Rb8 Ra2+ 43. Kh3 Rc2 44. Ra3 Rb2 45. Raa8 Be7 46. b6 g5 47. Ra7 Bd8 48. Rbxb7 Rxb7 49. Rxb7+ Ke6 50. Rh7 Bxb6 51. Re7# 1-0

[Event "European Online Club-ch-D 2021"]
[Site "Online"]
[Date "2021.03.27"]
[Round "5.8"]
[White "Medvegy, Zoltan"]
[Black "Fischer, Daniel"]
[Result "1-0"]
[ECO "A13"]
[WhiteElo "2527"]
[BlackElo "2276"]
[Annotator "ChessBase"]
[PlyCount "119"]
[EventDate "2021.03.27"]
[EventType "team-tourn"]
[EventCountry "NET"]
[SourceTitle "playchess.com"]
[Source "ChessBase"]
[SourceQuality "1"]
[TimeControl "900+5"]

1. Nf3 d5 2. e3 Nf6 3. c4 e6 4. b3 Bd6 5. Nc3 b6 6. cxd5 exd5 7. Bb2 O-O 8. d4 Bb7 9. Bd3 Ne4 10. O-O a6 11. Qc2 Re8 12. Ne5 Nd7 13. Nxe4 dxe4 14. Bxe4 Bxe4 15. Qxe4 Qe7 16. Rac1 Nxe5 17. dxe5 Bxe5 18. Qxe5 Qxe5 19. Bxe5 Rxe5 20. Rxc7 Rd8 21. Rfc1 Kf8 22. g3 Rd2 23. R1c2 Red5 24. Kg2 a5 25. g4 h5 26. h3 hxg4 27. hxg4 Rxc2 28. Rxc2 b5 29. Rc8+ Ke7 30. Ra8 b4 31. Kg3 g5 32. Kf3 Rc5 33. Ke4 Rc2 34. Rxa5 Rxf2 35. Rxg5 Rxa2 36. Rb5 Rg2 37. Kf3 Rb2 38. Rxb4 Ke6 39. Rb8 Rb1 40. Ke4 Rg1 41. Rb6+ Ke7 42. Kf3 Rf1+ 43. Kg2 Re1 44. Kf2 Rb1 45. b4 Kd7 46. Rb7+ Ke6 47. b5 Kf6 48. b6 Kg6 49. Rb8 Rb4 50. b7 Kg7 51. g5 Rb5 52. e4 Rb3 53. e5 Rb6 54. Ke3 Rb1 55. Kd2 Rb6 56. Kd3 Rb3+ 57. Kc4 Rb1 58. g6 Rc1+ 59. Kd3 Rc7 60. Rg8+ 1-0

[Event "European Online Club-ch-D 2021"]
[Site "Online"]
[Date "2021.03.27"]
[Round "5.10"]
[White "Howell, David W L"]
[Black "Ibrahimli, Murad"]
[Result "1-0"]
[ECO "A11"]
[WhiteElo "2658"]
[BlackElo "2436"]
[Annotator "ChessBase"]
[PlyCount "53"]
[EventDate "2021.03.27"]
[EventType "team-tourn"]
[EventCountry "NET"]
[SourceTitle "playchess.com"]
[Source "ChessBase"]
[SourceQuality "1"]
[TimeControl "900+5"]

1. Nf3 Nf6 2. g3 d5 3. Bg2 c6 4. c4 dxc4 5. O-O Be6 6. Qc2 Bd5 7. Re1 Bxf3 8. Bxf3 Nbd7 9. Bg2 Ne5 10. Na3 Qd4 11. Rb1 Nfg4 12. Rf1 e6 13. b3 Bxa3 14. Bxa3 O-O-O 15. h3 Nf6 16. Bb2 Qc5 17. Rfd1 c3 18. Bxc3 Nd5 19. b4 Qc4 20. Rb3 Nxc3 21. Rxc3 Qxb4 22. Rb1 Qd4 23. d3 Qd6 24. e3 Kc7 25. d4 Nd7 26. Rxb7+ Kxb7 27. Rxc6 1-0

[Event "European Online Club-ch-D 2021"]
[Site "Online"]
[Date "2021.03.27"]
[Round "5.11"]
[White "Babazada, Khazar"]
[Black "McShane, Luke J"]
[Result "1/2-1/2"]
[ECO "C60"]
[WhiteElo "2409"]
[BlackElo "2674"]
[Annotator "ChessBase"]
[PlyCount "75"]
[EventDate "2021.03.27"]
[EventType "team-tourn"]
[EventCountry "NET"]
[SourceTitle "playchess.com"]
[Source "ChessBase"]
[SourceQuality "1"]
[TimeControl "900+5"]

1. e4 e5 2. Nf3 Nc6 3. Bb5 a6 4. Ba4 g6 5. c3 d6 6. O-O Bg7 7. h3 Nge7 8. d4 O-O 9. dxe5 dxe5 10. Qe2 Be6 11. Rd1 Qc8 12. Be3 h6 13. Nbd2 b6 14. Bb3 f5 15. Bxe6+ Qxe6 16. Qc4 Kf7 17. g3 Qxc4 18. Nxc4 Rfd8 19. a4 Ke6 20. Kf1 Rxd1+ 21. Rxd1 Rg8 22. Ke2 Nc8 23. b4 fxe4 24. Nfd2 Nd6 25. Nxd6 cxd6 26. Bxb6 Rb8 27. a5 d5 28. Nb3 Bf8 29. Bc5 Bg7 30. Bb6 Bf8 31. Bc5 Bg7 32. Be3 Bf8 33. h4 h5 34. Bc5 Bh6 35. Bb6 Bf8 36. Bc5 Bh6 37. Be3 Bf8 38. Bc5 1/2-1/2

[Event "European Online Club-ch-D 2021"]
[Site "Online"]
[Date "2021.03.27"]
[Round "5.12"]
[White "Jones, Gawain C B"]
[Black "Eynullayev, Atilla"]
[Result "1-0"]
[ECO "B51"]
[WhiteElo "2670"]
[BlackElo "2347"]
[Annotator "ChessBase"]
[PlyCount "73"]
[EventDate "2021.03.27"]
[EventType "team-tourn"]
[EventCountry "NET"]
[SourceTitle "playchess.com"]
[Source "ChessBase"]
[SourceQuality "1"]
[TimeControl "900+5"]

1. e4 c5 2. Nf3 d6 3. Bb5+ Nd7 4. d4 cxd4 5. Qxd4 a6 6. Bxd7+ Bxd7 7. Nc3 e5 8. Qd3 Rc8 9. O-O h6 10. Nd2 Qc7 11. Rd1 Bg4 12. Re1 Be6 13. Nf1 Nf6 14. Ne3 Be7 15. a4 O-O 16. Rd1 Rfd8 17. a5 Qc5 18. Ra4 Bf8 19. Qe2 d5 20. exd5 Bxd5 21. Ncxd5 Nxd5 22. Rc4 Qb5 23. Rxc8 Qxe2 24. Rxd8 Nf4 25. b3 Ne6 26. R8d2 Qb5 27. Rd5 Qc6 28. Rxe5 g6 29. Red5 Bg7 30. Nc4 h5 31. Be3 Kh7 32. h3 Bh6 33. Rd7 Bxe3 34. Rxf7+ Kg8 35. fxe3 Ng5 36. Rd8+ Kxf7 37. Ne5+ 1-0

[Event "European Online Club-ch-D 2021"]
[Site "Online"]
[Date "2021.03.27"]
[Round "5.13"]
[White "Straka, Vojtech"]
[Black "Lopez Del Alamo, Antonio"]
[Result "1-0"]
[ECO "E92"]
[WhiteElo "2417"]
[BlackElo "2295"]
[Annotator "NA"]
[PlyCount "51"]
[EventDate "2021.03.27"]
[EventType "team-tourn"]
[EventCountry "NET"]
[SourceTitle "playchess.com"]
[Source "ChessBase"]
[SourceQuality "1"]
[TimeControl "900+5"]

1. c4 g6 2. Nc3 Bg7 3. d4 Nf6 4. e4 d6 5. Nf3 O-O 6. Be2 e5 7. d5 a5 8. Bg5 h6 9. Bh4 Na6 10. Nd2 Qe8 11. a3 Bd7 12. b3 Nh7 13. O-O h5 14. f3 Bh6 15. Rb1 Be3+ 16. Kh1 Bc5 17. Qc1 f5 18. exf5 gxf5 19. f4 e4 20. b4 axb4 21. axb4 Nxb4 22. Rb3 Nf6 23. Qb2 Na6 24. Bxf6 Rxf6 25. Ncxe4 Rh6 26. Rg3+ 1-0

[Event "European Online Club-ch-D 2021"]
[Site "Online"]
[Date "2021.03.27"]
[Round "5.14"]
[White "Sanchez Gonzalez, Sergio"]
[Black "Kusa, Jakub"]
[Result "1/2-1/2"]
[ECO "E91"]
[WhiteElo "2281"]
[BlackElo "2336"]
[Annotator "NA"]
[PlyCount "155"]
[EventDate "2021.03.27"]
[EventType "team-tourn"]
[EventCountry "NET"]
[SourceTitle "playchess.com"]
[Source "ChessBase"]
[SourceQuality "1"]
[TimeControl "900+5"]

1. c4 Nf6 2. Nc3 g6 3. e4 d6 4. d4 Bg7 5. h3 O-O 6. Nf3 c6 7. Be2 a6 8. a4 a5 9. Be3 Na6 10. Qd2 e5 11. d5 cxd5 12. cxd5 Bd7 13. O-O Rc8 14. Bd3 Nc5 15. Bc2 Qb6 16. Rfb1 Qb4 17. Ne1 Nb3 18. Bxb3 Qxb3 19. f3 Nh5 20. Nd3 f5 21. Rc1 fxe4 22. fxe4 Qc4 23. b3 Qa6 24. Kh2 Nf4 25. Nf2 Rc7 26. Rab1 Rfc8 27. b4 axb4 28. Rxb4 Qa5 29. Rb3 Bxa4 30. Bb6 Qa6 31. Rb4 Rc4 32. Rb2 Bd7 33. Ng4 Bxg4 34. hxg4 Qa3 35. Rbc2 Qb3 36. Be3 Qb4 37. g3 Qa3 38. Nb5 Rxc2 39. Nxa3 Rxc1 40. gxf4 Ra1 41. Nb5 Rca8 42. Nc3 R8a3 43. f5 Rb3 44. g5 gxf5 45. exf5 Raa3 46. Nd1 Rd3 47. Qe2 h6 48. f6 Bh8 49. g6 Bxf6 50. Qf3 Kg7 51. Bxh6+ Kxg6 52. Be3 e4 53. Qxe4+ Kg7 54. Qg4+ Kf7 55. Qe6+ Kg7 56. Kg2 Rxd1 57. Qg4+ Kf7 58. Qh5+ Ke7 59. Qxd1 Rxe3 60. Qb1 Be5 61. Qxb7+ Kf6 62. Qc8 Rg3+ 63. Kf2 Rc3 64. Qe6+ Kg5 65. Ke2 Kf4 66. Qg6 Re3+ 67. Kd2 Rg3 68. Qh7 Rc3 69. Qh4+ Kf5 70. Qh5+ Ke4 71. Qh1+ Kd4 72. Qg2 Kc4 73. Qe4+ Kc5 74. Qh1 Rg3 75. Ke2 Rc3 76. Kd2 Rg3 77. Ke2 Rc3 78. Kd2 1/2-1/2

[Event "European Online Club-ch-D 2021"]
[Site "Online"]
[Date "2021.03.27"]
[Round "5.15"]
[White "Sluka, Radek"]
[Black "Pascual Palomo, Lucia"]
[Result "0-1"]
[ECO "A02"]
[WhiteElo "2324"]
[BlackElo "2101"]
[Annotator "NA"]
[PlyCount "94"]
[EventDate "2021.03.27"]
[EventType "team-tourn"]
[EventCountry "NET"]
[SourceTitle "playchess.com"]
[Source "ChessBase"]
[SourceQuality "1"]
[TimeControl "900+5"]

1. f4 e6 2. Nf3 b6 3. b3 Bb7 4. Bb2 f5 5. e3 Nf6 6. Be2 g6 7. O-O Bg7 8. a4 a5 9. Na3 O-O 10. Nc4 d6 11. Ng5 Qe7 12. Bf3 Bxf3 13. Nxf3 Nbd7 14. Nd4 Nc5 15. d3 Ng4 16. Qf3 Rae8 17. h3 Nf6 18. Rae1 Qd7 19. Qc6 e5 20. fxe5 dxe5 21. Qxd7 Nfxd7 22. Nb5 c6 23. Nbd6 Re6 24. d4 Na6 25. c3 Nc7 26. e4 f4 27. dxe5 b5 28. axb5 cxb5 29. Nxa5 Nxe5 30. Rd1 f3 31. Nab7 fxg2 32. Kxg2 Rxf1 33. Kxf1 Nf3 34. Ke2 Ng5 35. Nc5 Re7 36. h4 Nge6 37. Nxe6 Rxe6 38. Kf3 b4 39. Nc4 bxc3 40. Rd8+ Re8 41. Rxe8+ Nxe8 42. Bc1 Kf7 43. e5 Ke6 44. Ke4 Nc7 45. Kd3 Nd5 46. Ke4 Nb4 47. Kd4 Na2 0-1

[Event "European Online Club-ch-D 2021"]
[Site "Online"]
[Date "2021.03.27"]
[Round "5.16"]
[White "Estevez Sacristan, Deva"]
[Black "Zeman, Matyas"]
[Result "0-1"]
[ECO "B35"]
[WhiteElo "1932"]
[BlackElo "2261"]
[Annotator "NA"]
[PlyCount "72"]
[EventDate "2021.03.27"]
[EventType "team-tourn"]
[EventCountry "NET"]
[SourceTitle "playchess.com"]
[Source "ChessBase"]
[SourceQuality "1"]
[TimeControl "900+5"]

1. e4 c5 2. Nc3 Nc6 3. Nf3 g6 4. d4 cxd4 5. Nxd4 Bg7 6. Be3 Nf6 7. Bc4 O-O 8. Bb3 Re8 9. f3 e6 10. Qd2 d5 11. exd5 Nxd5 12. Nxd5 Nxd4 13. Nc3 Nxb3 14. Qxd8 Rxd8 15. axb3 a6 16. Ke2 Bd7 17. Bb6 Re8 18. Rhd1 Bc6 19. Rd3 Rac8 20. Rad1 f5 21. Kf2 e5 22. Re3 Kf7 23. Re2 Re6 24. Bd8 h6 25. Na4 Bf8 26. Kf1 Bb5 27. c4 Bxa4 28. bxa4 Rxc4 29. Rd7+ Ke8 30. Red2 e4 31. fxe4 Rcxe4 32. Ba5 Re1+ 33. Kf2 Bc5+ 34. Kf3 R1e3+ 35. Kf2 Rd3+ 36. Kf1 Rxd7 0-1

[Event "European Online Club-ch-D 2021"]
[Site "Online"]
[Date "2021.03.27"]
[Round "5.17"]
[White "Tokhirjonova, Gulrukhbegim"]
[Black "Reimanis, Ritvars"]
[Result "0-1"]
[ECO "B31"]
[WhiteElo "2362"]
[BlackElo "2412"]
[Annotator "NA"]
[PlyCount "76"]
[EventDate "2021.03.27"]
[EventType "team-tourn"]
[EventCountry "NET"]
[SourceTitle "playchess.com"]
[Source "ChessBase"]
[SourceQuality "1"]
[TimeControl "900+5"]

1. e4 c5 2. Nf3 Nc6 3. Bb5 g6 4. c3 Nf6 5. Qe2 Bg7 6. O-O O-O 7. d4 cxd4 8. cxd4 d5 9. e5 Ne4 10. Rd1 Qb6 11. Be3 f6 12. Nc3 Nxc3 13. bxc3 Bg4 14. Rab1 Qa5 15. h3 Bxf3 16. Qxf3 Rad8 17. exf6 Bxf6 18. Qg4 Kg7 19. Bd3 Qc7 20. f4 Kh8 21. Rf1 Rg8 22. h4 Na5 23. f5 Qxc3 24. Rbd1 Nc4 25. Bf4 Qxd4+ 26. Kh1 Ne3 27. Qf3 Nxd1 28. Rxd1 g5 29. hxg5 Bxg5 30. Bh2 Bf6 31. Be2 Qe4 32. Qf1 d4 33. Bf3 Qxf5 34. Qc4 b6 35. Re1 d3 36. Be4 d2 37. Rd1 Qg4 38. Qc2 Rc8 0-1

[Event "European Online Club-ch-D 2021"]
[Site "Online"]
[Date "2021.03.27"]
[Round "5.18"]
[White "Kvetny, Mark"]
[Black "Nandhidhaa, P V"]
[Result "1-0"]
[ECO "C00"]
[WhiteElo "2416"]
[BlackElo "2365"]
[Annotator "NA"]
[PlyCount "71"]
[EventDate "2021.03.27"]
[EventType "team-tourn"]
[EventCountry "NET"]
[SourceTitle "playchess.com"]
[Source "ChessBase"]
[SourceQuality "1"]
[TimeControl "900+5"]

1. Nf3 e6 2. g3 Nf6 3. Bg2 d5 4. O-O Be7 5. d3 O-O 6. Nbd2 c5 7. e4 Nc6 8. Qe2 b5 9. e5 Nd7 10. Re1 Bb7 11. Nf1 Rc8 12. c3 b4 13. h4 a5 14. N1h2 a4 15. a3 bxc3 16. bxc3 Na5 17. Bf4 Nb3 18. Ra2 Qa5 19. Qc2 Rfe8 20. h5 Bf8 21. h6 g6 22. Ng4 d4 23. Bd2 Nxd2 24. Nxd2 Bxg2 25. Kxg2 dxc3 26. Ne4 Kh8 27. Qxc3 Qxc3 28. Nxc3 c4 29. d4 Nb6 30. Rb2 Nd5 31. Nxd5 exd5 32. Nf6 Red8 33. Rb7 Bxh6 34. Rxf7 Bg7 35. Rh1 h6 36. Rxh6+ 1-0

[Event "European Online Club-ch-D 2021"]
[Site "Online"]
[Date "2021.03.27"]
[Round "5.19"]
[White "Dauletova, Gulmira"]
[Black "Hoffmann, Hendrik"]
[Result "1-0"]
[ECO "B07"]
[WhiteElo "2285"]
[BlackElo "2242"]
[Annotator "NA"]
[PlyCount "35"]
[EventDate "2021.03.27"]
[EventType "team-tourn"]
[EventCountry "NET"]
[SourceTitle "playchess.com"]
[Source "ChessBase"]
[SourceQuality "1"]
[TimeControl "900+5"]

1. e4 d6 2. d4 Nf6 3. Nc3 g6 4. Be3 Bg7 5. Qd2 O-O 6. O-O-O c6 7. Bh6 b5 8. f3 b4 9. Nce2 a5 10. Kb1 Ba6 11. h4 Qc7 12. h5 e5 13. Ng3 Bxf1 14. Rxf1 Ne8 15. Bxg7 Kxg7 16. f4 Ra7 17. fxe5 dxe5 18. hxg6 1-0